[ AOE2 MATCH · #481017411 ]
1v1 EWKoreans vs Tupi
Player's team · WIN
Rival team · LOSS
[ REPLAY ANALYSIS · EXTRACTED FROM THE RECORDED GAME ]
Feudal
8:11
Castle
—
Imperial
—
| APM avg | 47.1 |
| APM peak | 77 |
| eAPM avg | 28.9 |
| Villagers / military | 93 / 34 |
Focus
⚔️ 35.2% · 🌾 64.8%
War Wagon ×18 · Archer ×8 · Iron Pagoda ×4 · Knight ×3 · Petard ×1
Feudal
7:23
Castle
—
Imperial
—
| APM avg | 36.3 |
| APM peak | 68 |
| eAPM avg | 27.0 |
| Villagers / military | 46 / 10 |
Focus
⚔️ 57.3% · 🌾 42.7%
Unknown (2550) ×91 · Battering Ram ×9 · Monk ×1
Match map
Initial resources + every placement click. Lines = walls · curves = elevation contours. ◆ gold · ⬟ stone · ● berries · ✦ relic · ◌ wall gap
Your base· Open — 4t gap
athijuan's base· Open — unwalled flank
Smoothed initial terrain · ◌ = detected wall gap · hover for details
Inputs per minute
— Marciano_ - - athijuan
Build order — Marciano_
First 150 of 264 actions detected
| 0:01 | Create | Villager (Male) |
| 0:03 | Create | Villager (Male) |
| 0:07 | Build | Archery Range |
| 0:11 | Build | Palisade Wall |
| 0:25 | Build | Stone Wall |
| 0:34 | Build | House |
| 0:48 | Create | Archer |
| 0:56 | Build | Palisade Wall |
| 1:08 | Build | Stone Wall |
| 1:09 | Build | House |
| 1:12 | Create | Archer |
| 1:14 | Build | Stone Wall |
| 1:15 | Build | Stone Wall |
| 1:31 | Create | Villager (Male) |
| 1:35 | Build | Archery Range |
| 1:58 | Build | Gate |
| 2:01 | Build | Stone Wall |
| 2:03 | Create | Villager (Male) |
| 2:16 | Research | Fletching |
| 2:19 | Create | Villager (Male) |
| 2:35 | Build | Stone Wall |
| 2:37 | Create | Archer |
| 2:40 | Create | Archer |
| 2:40 | Create | Archer |
| 2:54 | Create | Villager (Male) |
| 3:00 | Build | Mill |
| 3:15 | Build | Market |
| 3:18 | Create | Archer |
| 3:28 | Build | Stone Wall |
| 3:34 | Create | Villager (Male) |
| 3:41 | Build | Mining Camp |
| 3:53 | Build | Farm |
| 3:54 | Build | Farm |
| 3:55 | Build | Farm |
| 3:56 | Create | Villager (Male) |
| 3:58 | Create | Archer |
| 3:58 | Create | Archer |
| 4:23 | Build | House |
| 4:30 | Create | Villager (Male) |
| 5:03 | Build | House |
| 5:04 | Create | Villager (Male) |
| 5:24 | Build | Mining Camp |
| 5:26 | Research | Castle Age |
| 5:26 | Research | Castle Age |
| 6:08 | Research | Double-Bit Axe |
| 6:11 | Research | Horse Collar |
| 6:30 | Build | Gate |
| 6:43 | Create | Villager (Male) |
| 8:11 | Age | Feudal Age |
| 8:15 | Build | University |
| 8:18 | Build | Town Center |
| 8:23 | Research | Bow Saw |
| 8:23 | Research | Heavy Plow |
| 8:32 | Research | Bodkin Arrow |
| 8:33 | Create | Villager (Male) |
| 8:43 | Build | Town Center |
| 9:03 | Create | Villager (Male) |
| 9:15 | Build | Stone Wall |
| 9:17 | Build | House |
| 9:21 | Build | Palisade Wall |
| 9:34 | Research | Crossbowman (upgrade) |
| 9:35 | Create | Villager (Male) |
| 10:10 | Create | Villager (Male) |
| 10:12 | Research | Ballistics |
| 10:12 | Research | Ballistics |
| 10:17 | Create | Villager (Male) |
| 10:34 | Create | Villager (Male) |
| 10:41 | Build | House |
| 10:52 | Create | Villager (Male) |
| 10:55 | Build | Farm |
| 10:56 | Build | Farm |
| 11:02 | Build | Farm |
| 11:07 | Build | Farm |
| 11:09 | Build | Farm |
| 11:12 | Build | Farm |
| 11:17 | Create | Villager (Male) |
| 11:34 | Create | Villager (Male) |
| 11:49 | Create | Villager (Male) |
| 11:51 | Create | Villager (Male) |
| 11:55 | Build | Castle |
| 11:57 | Create | Villager (Male) |
| 12:01 | Build | Castle |
| 12:04 | Build | Castle |
| 12:11 | Create | Villager (Male) |
| 12:13 | Build | Farm |
| 12:15 | Build | Farm |
| 12:20 | Create | Villager (Male) |
| 12:28 | Build | Farm |
| 12:30 | Create | Villager (Male) |
| 12:35 | Research | Heavy Plow |
| 12:35 | Research | Heavy Plow |
| 12:41 | Build | Farm |
| 12:44 | Build | Farm |
| 12:44 | Create | Villager (Male) |
| 12:51 | Build | Farm |
| 12:52 | Build | Farm |
| 12:56 | Build | Lumber Camp |
| 13:03 | Create | Villager (Male) |
| 13:16 | Create | Villager (Male) |
| 13:21 | Build | Farm |
| 13:27 | Build | Stable |
| 13:30 | Build | Stable |
| 13:33 | Create | War Wagon |
| 13:34 | Create | Villager (Male) |
| 13:34 | Create | Villager (Male) |
| 13:37 | Create | Villager (Male) |
| 13:46 | Build | Outpost |
| 13:55 | Create | Villager (Male) |
| 14:05 | Create | War Wagon |
| 14:13 | Build | Siege Workshop |
| 14:16 | Build | Gate |
| 14:26 | Build | Stone Wall |
| 14:31 | Build | Stone Wall |
| 14:36 | Build | Stone Wall |
| 14:46 | Create | Iron Pagoda |
| 14:46 | Create | Petard |
| 14:50 | Create | Villager (Male) |
| 14:55 | Create | War Wagon |
| 14:57 | Build | Stone Wall |
| 15:08 | Build | Stone Wall |
| 15:12 | Build | Stone Wall |
| 15:17 | Create | Iron Pagoda |
| 15:28 | Build | Stone Wall |
| 15:31 | Create | Villager (Male) |
| 15:33 | Build | Stone Wall |
| 15:36 | Build | Stone Wall |
| 15:43 | Build | House |
| 15:47 | Create | Villager (Male) |
| 15:49 | Build | Outpost |
| 15:52 | Create | Villager (Male) |
| 15:52 | Create | Villager (Male) |
| 15:55 | Build | Mill |
| 15:56 | Build | Farm |
| 15:56 | Build | Farm |
| 15:57 | Build | Farm |
| 15:57 | Build | Farm |
| 15:57 | Build | Farm |
| 15:57 | Build | Farm |
| 16:07 | Create | Iron Pagoda |
| 16:13 | Build | Outpost |
| 16:15 | Build | Lumber Camp |
| 16:18 | Create | Villager (Male) |
| 16:21 | Create | Knight |
| 16:24 | Build | Outpost |
| 16:40 | Create | Villager (Male) |
| 16:41 | Build | Castle |
| 16:43 | Create | Villager (Male) |
| 16:48 | Research | Town Watch |
| 16:49 | Research | Town Watch |
| 16:52 | Create | Villager (Male) |
Build order — athijuan
First 150 of 212 actions detected
| 0:03 | Research | Tech 1402 |
| 0:06 | Build | Barracks |
| 0:18 | Research | Scale Mail Armor |
| 0:30 | Create | Villager (Male) |
| 0:40 | Create | Unit 2550 |
| 0:40 | Create | Unit 2550 |
| 0:55 | Create | Unit 2550 |
| 1:01 | Build | Settlement |
| 1:12 | Create | Unit 2550 |
| 1:19 | Create | Villager (Male) |
| 1:26 | Create | Unit 2550 |
| 1:45 | Research | Double-Bit Axe |
| 1:52 | Create | Unit 2550 |
| 2:26 | Build | Watch Tower |
| 2:27 | Build | Palisade Wall |
| 2:28 | Build | Palisade Wall |
| 2:29 | Build | Palisade Wall |
| 2:33 | Build | Market |
| 4:20 | Build | Barracks |
| 4:43 | Research | Castle Age |
| 4:43 | Research | Castle Age |
| 4:58 | Build | Farm |
| 5:02 | Build | Farm |
| 5:32 | Build | Farm |
| 5:32 | Build | Farm |
| 5:35 | Create | Unit 2550 |
| 5:35 | Create | Unit 2550 |
| 5:38 | Build | Farm |
| 6:14 | Build | Farm |
| 6:20 | Build | Farm |
| 6:20 | Build | Farm |
| 6:38 | Research | Gold Mining |
| 7:11 | Create | Villager (Male) |
| 7:23 | Age | Feudal Age |
| 7:25 | Build | Siege Workshop |
| 7:30 | Research | Tech 1351 |
| 7:31 | Research | Squires |
| 7:33 | Create | Unit 2550 |
| 7:48 | Create | Villager (Male) |
| 7:51 | Create | Unit 2550 |
| 8:00 | Create | Unit 2550 |
| 8:00 | Create | Unit 2550 |
| 8:08 | Create | Battering Ram |
| 8:25 | Build | Farm |
| 8:26 | Build | Farm |
| 8:27 | Build | Farm |
| 8:30 | Create | Villager (Male) |
| 8:48 | Create | Unit 2550 |
| 8:50 | Create | Villager (Male) |
| 9:08 | Create | Unit 2550 |
| 9:08 | Create | Unit 2550 |
| 9:08 | Create | Unit 2550 |
| 9:13 | Build | Farm |
| 9:24 | Create | Villager (Male) |
| 9:45 | Research | Chain Mail Armor |
| 10:04 | Create | Villager (Male) |
| 10:06 | Create | Battering Ram |
| 10:29 | Create | Villager (Male) |
| 10:35 | Build | House |
| 10:44 | Research | Town Watch |
| 10:46 | Create | Unit 2550 |
| 10:46 | Create | Unit 2550 |
| 10:52 | Build | House |
| 11:01 | Create | Unit 2550 |
| 11:10 | Build | House |
| 11:14 | Create | Unit 2550 |
| 11:14 | Create | Unit 2550 |
| 12:05 | Create | Unit 2550 |
| 12:07 | Create | Battering Ram |
| 12:10 | Create | Villager (Male) |
| 12:10 | Create | Villager (Male) |
| 12:18 | Research | Forging |
| 12:22 | Create | Villager (Male) |
| 12:23 | Create | Villager (Male) |
| 12:37 | Create | Unit 2550 |
| 12:38 | Create | Unit 2550 |
| 12:38 | Create | Unit 2550 |
| 12:49 | Create | Unit 2550 |
| 13:10 | Create | Unit 2550 |
| 13:10 | Create | Unit 2550 |
| 13:15 | Create | Villager (Male) |
| 13:33 | Create | Unit 2550 |
| 13:33 | Create | Unit 2550 |
| 13:33 | Create | Unit 2550 |
| 13:34 | Create | Unit 2550 |
| 13:34 | Create | Unit 2550 |
| 13:43 | Build | House |
| 13:44 | Build | House |
| 13:44 | Build | House |
| 13:45 | Build | House |
| 13:57 | Create | Unit 2550 |
| 14:12 | Create | Battering Ram |
| 14:12 | Create | Battering Ram |
| 14:17 | Create | Unit 2550 |
| 14:17 | Create | Unit 2550 |
| 14:17 | Create | Unit 2550 |
| 14:17 | Create | Unit 2550 |
| 14:57 | Research | Wheelbarrow |
| 15:05 | Research | Arson |
| 15:05 | Research | Arson |
| 15:24 | Create | Unit 2550 |
| 15:25 | Create | Unit 2550 |
| 15:25 | Create | Unit 2550 |
| 15:56 | Create | Unit 2550 |
| 15:56 | Create | Unit 2550 |
| 16:30 | Create | Villager (Male) |
| 16:32 | Research | Bow Saw |
| 16:41 | Create | Battering Ram |
| 16:50 | Research | Iron Casting |
| 16:57 | Build | House |
| 17:00 | Create | Villager (Male) |
| 17:21 | Create | Villager (Male) |
| 17:28 | Build | House |
| 17:37 | Build | Farm |
| 17:37 | Build | Farm |
| 17:44 | Create | Villager (Male) |
| 17:45 | Create | Unit 2550 |
| 17:45 | Create | Unit 2550 |
| 17:46 | Create | Unit 2550 |
| 18:22 | Create | Villager (Male) |
| 18:36 | Create | Unit 2550 |
| 18:36 | Create | Unit 2550 |
| 18:36 | Create | Unit 2550 |
| 18:36 | Create | Unit 2550 |
| 18:37 | Create | Unit 2550 |
| 18:49 | Create | Battering Ram |
| 18:49 | Create | Battering Ram |
| 19:17 | Create | Unit 2550 |
| 19:17 | Create | Unit 2550 |
| 19:17 | Create | Unit 2550 |
| 19:30 | Create | Unit 2550 |
| 19:30 | Create | Unit 2550 |
| 19:30 | Create | Unit 2550 |
| 19:30 | Create | Unit 2550 |
| 19:37 | Create | Villager (Male) |
| 19:42 | Create | Villager (Male) |
| 19:42 | Create | Villager (Male) |
| 19:44 | Build | Farm |
| 19:44 | Build | Farm |
| 19:44 | Build | Farm |
| 19:45 | Build | Farm |
| 19:45 | Build | Farm |
| 19:48 | Create | Unit 2550 |
| 19:53 | Create | Unit 2550 |
| 19:53 | Create | Unit 2550 |
| 20:09 | Create | Unit 2550 |
| 20:09 | Create | Unit 2550 |
| 20:09 | Create | Unit 2550 |
| 20:13 | Create | Unit 2550 |
| 20:19 | Create | Unit 2550 |
Match timeline
| 0:06 | athijuan · first_building Barracks |
| 0:07 | Marciano_ · first_building Archery Range |
| 0:11 | Marciano_ · wall_segment Palisade Wall x9 |
| 0:25 | Marciano_ · wall_segment Stone Wall x7 |
| 0:56 | Marciano_ · wall_segment Palisade Wall x5 |
| 1:08 | Marciano_ · wall_segment Stone Wall x6 |
| 1:14 | Marciano_ · wall_segment Stone Wall x1 |
| 1:15 | Marciano_ · wall_segment Stone Wall x1 |
| 2:01 | Marciano_ · wall_segment Stone Wall x1 |
| 2:27 | athijuan · wall_segment Palisade Wall x1 |
| 2:28 | athijuan · wall_segment Palisade Wall x1 |
| 2:29 | athijuan · wall_segment Palisade Wall x1 |
| 2:35 | Marciano_ · wall_segment Stone Wall x3 |
| 3:28 | Marciano_ · wall_segment Stone Wall x1 |
| 4:27 | athijuan · first_market_sell 100 wood |
| 4:31 | athijuan · first_market_buy 100 food |
| 4:55 | Marciano_ · first_market_buy 100 food |
| 7:23 | athijuan · age_up feudal |
| 7:25 | athijuan · first_building Siege Workshop |
| 8:11 | Marciano_ · age_up feudal |
| 9:15 | Marciano_ · wall_segment Stone Wall x1 |
| 9:21 | Marciano_ · wall_segment Palisade Wall x1 |
| 9:32 | Marciano_ · first_market_sell 100 wood |
| 11:55 | Marciano_ · first_building Castle |
| 13:27 | Marciano_ · first_building Stable |
| 14:13 | Marciano_ · first_building Siege Workshop |
| 14:26 | Marciano_ · wall_segment Stone Wall x1 |
| 14:31 | Marciano_ · wall_segment Stone Wall x1 |
| 14:36 | Marciano_ · wall_segment Stone Wall x1 |
| 14:57 | Marciano_ · wall_segment Stone Wall x1 |
| 15:08 | Marciano_ · wall_segment Stone Wall x1 |
| 15:12 | Marciano_ · wall_segment Stone Wall x6 |
| 15:28 | Marciano_ · wall_segment Stone Wall x1 |
| 15:33 | Marciano_ · wall_segment Stone Wall x1 |
| 15:36 | Marciano_ · wall_segment Stone Wall x1 |
| 18:01 | Marciano_ · wall_segment Stone Wall x7 |
| 18:04 | Marciano_ · wall_segment Stone Wall x1 |
| 18:38 | Marciano_ · wall_segment Stone Wall x1 |
| 18:58 | Marciano_ · wall_segment Stone Wall x5 |
| 19:14 | Marciano_ · wall_segment Stone Wall x1 |
| 19:22 | Marciano_ · wall_segment Stone Wall x1 |
| 19:30 | Marciano_ · wall_segment Stone Wall x1 |
| 22:33 | Marciano_ · wall_segment Stone Wall x5 |
| 23:14 | athijuan · first_building Monastery |
| 25:06 | athijuan · resign |
[ AI ANALYSIS · 1 CREDIT ]
What really happened in this match?
Wolo.gg analyzes every decision: build order, eco, micro, common mistakes by bracket. Personalized analysis on WhatsApp or Discord in 30 seconds.
Civ guide
Koreans
Map guide
Thames
Perfil
Jugador #457321